 Dungeon Crawl Stone Soup version 0.31.0 (webtiles) character file.

Game seed: 11755464759354812768

907 qw the Skirmisher (level 8, -1/49 HPs)
             Began as a Gargoyle Hunter on Jan 19, 2024.
             Slain by a wight
             ... wielding a +3 trident
              (5 damage)
             ... on level 4 of the Dungeon.
             The game lasted 00:00:20 (3002 turns).

qw the Skirmisher (Gargoyle Hunter)                 Turns: 3002, Time: 00:00:21

Health: -1/49      AC: 13    Str: 14    XL:     8   Next: 8%
Magic:  8/8        EV: 11    Int: 11    God:
Gold:   274        SH:  0    Dex: 15    Spells: 7/7 levels left

rFire   . . .        a - +2 shortbow
rCold   . . .        (shield currently unavailable)
rNeg    + . .        h - +0 ring mail
rPois   inf          d - +1 helmet
rElec   +            (no cloak)
rCorr   .            (no gloves)
SInv    .            (no boots)
Will    .....        (no amulet)
Stlth   +            (no ring)
HPRegen 0.28/turn    (no ring)
MPRegen 0.11/turn

%: no passive effects
@: no status effects
A: sickness immunity, AC +5, negative energy resistance 1, electricity
resistance, torment resistance 1, petrification resistance
a: no special abilities


You were on level 4 of the Dungeon.
You visited 1 branch of the dungeon, and saw 4 of its levels.

You collected 274 gold pieces.


Innate Abilities, Weirdness & Mutations

You are immune to sickness and miasma.
Your stone body is resilient. (AC +5)
You are immune to poison.
You resist negative energy. (rN+)
You are resistant to electric shocks. (rElec)
You are resistant to unholy torment.
You are immune to petrification.


   Skills:
 - Level 5.0 Fighting
 + Level 8.2 Ranged Weapons
 - Level 2.8 Armour
 - Level 2.2 Dodging
 - Level 1.1 Stealth


You had 7 spell levels left.
You didn't know any spells.
Your spell library was empty.

Inventory:

Hand Weapons
 a - a +2 shortbow (weapon)
Armour
 d - a +1 helmet (worn)
 h - a +0 ring mail (worn)
Jewellery
 j - a ring of magical power
Wands
 e - a wand of flame (15)
Scrolls
 b - a scroll of blinking {unknown}
 f - 3 scrolls of teleportation {unknown}
 k - a scroll of identify
Potions
 c - a potion of resistance {unknown}
 g - a potion of curing
 i - a potion of ambrosia {unknown}
 l - 2 potions of magic {unknown}

Dungeon Overview and Level Annotations

Branches:
Dungeon (4/15)
 Temple: D:4-7

Altars:
Dithmenos

Annotations:
D:3 1 runed translucent door, qw's ghost, weakling GrHu


Message History

You shoot an arrow. The arrow hits the wight.
The wight is almost destroyed.
The wight hits you but does no damage. x2
You shoot an arrow. The arrow hits the wight.
You destroy the wight!
The wight barely misses you.
Your Dodging skill increases to level 2!
You have reached level 8!
You feel clever.
You shoot an arrow. The arrow hits the wight.
The wight is almost destroyed.
The wight hits you with a +1 great sword.
The wight hits you from afar with a +3 trident!
You shoot an arrow. The arrow barely misses the wight.
The wight barely misses you.
The wight hits you from afar with a +3 trident!
The wight hits you with a +1 great sword.
You shoot an arrow. The arrow hits the wight.
The wight is almost destroyed.
The wight barely misses you. The wight misses you.
The wight closely misses you.
You shoot an arrow.
The arrow hits the wight but does no damage.
The wight is almost destroyed.
The wight hits you with a +1 great sword.
The wight hits you from afar with a +3 trident.
You shoot an arrow. The arrow hits the wight!
You destroy the wight!
The wight completely misses you.
You shoot an arrow. The arrow closely misses the wight.
The wight hits you from afar with a +3 trident.
You shoot an arrow. The arrow hits the wight.
The wight is moderately damaged.
The wight closely misses you.
You shoot an arrow.
The arrow hits the wight but does no damage.
The wight is moderately damaged.
The wight hits you from afar with a +3 trident.
You shoot an arrow. The arrow hits the wight.
The wight is heavily damaged.
The wight hits you from afar with a +3 trident.
You die...

. #........ ####...............
.. ####.......#####....
...........# #.... ....
.....#......# ...###..##......#
...............##
.......#.....#.##
.....##.#...#..##### .
...##@###....#...# #. #. .
#.##)###.##.....## .. .>###
##... #.(z...###.......##..
...#. #...
##.>....##...#.......#
....###.###....##.....##........
#...#............#......####..#
#..............##.#.....#.....
##...##...##.######)..........
#....##.#..#.# ##....##....


You could see a wight.

Vanquished Creatures
  Grinder (D:3)
  A black bear (D:4)
  An ogre (D:4)
  2 wights (D:4)
  A jelly (D:4)
  An orc priest (D:2)
  Jessica (D:3)
  3 sleepcaps (D:3)
  Natasha (thrice) (D:2)
  2 iguanas (D:4)
  An orc wizard (D:2)
  4 adders
  2 ribbon worms
  4 dart slugs
  4 orcs
  A bat (D:3)
  10 endoplasms
  6 giant cockroaches
  6 goblins
  5 hobgoblins
  3 jackals (D:4)
  7 kobolds
  4 quokkas
  10 ball pythons
  2 frilled lizards
  8 rats
93 creatures vanquished.

Notes
Turn   | Place    | Note
-------+----------+-------------------------------------------
     0 | D:1      | qw the Gargoyle Hunter began the quest for the Orb.
     0 | D:1      | Reached XP level 1. HP: 12/12 MP: 1/1
     0 | D:1      | 0 ||| qw: Version: 0.3-a-132-g3d54051
     0 | D:1      | 0 ||| qw: Game counter: 76
     0 | D:1      | 0 ||| qw: Melee chars always use a shield: true
     0 | D:1      | 0 ||| qw: God list: Okawaru
     0 | D:1      | 0 ||| qw: Allow faded altars: false
     0 | D:1      | 0 ||| qw: Do Orc after clearing Dungeon:15 true
     0 | D:1      | 0 ||| qw: Do second Lair branch before Depths: true
     0 | D:1      | 0 ||| qw: Lair rune preference: random
     0 | D:1      | 0 ||| qw: Goals: Normal
     0 | D:1      | 0 ||| PLANNING D:1-11
   107 | D:1      | Reached XP level 2. HP: 12/17 MP: 2/2
   677 | D:1      | Reached XP level 3. HP: 21/21 MP: 3/3
   752 | D:1      | Reached skill level 5 in Ranged Weapons
   877 | D:1      | 877 ||| UPGRADING to +0 helmet.
   882 | D:1      | 882 ||| READING scroll labelled BOUKAHOSHI.
   882 | D:1      | 882 ||| ENCHANTING +0 shortbow.
   883 | D:1      | 883 ||| READING scroll labelled BEKKOITT SOAGE.
   883 | D:1      | 883 ||| IDENTIFYING purple potion
   884 | D:1      | 884 ||| DROPPING scroll of butterflies.
   912 | D:2      | Identified the +9 short sword "Nun Sia" {vamp, Int+3}
  1013 | D:2      | 1013 ||| RETREEEEATING.
  1021 | D:2      | Reached skill level 3 in Fighting
  1021 | D:2      | Reached XP level 4. HP: 25/28 MP: 4/4
  1041 | D:2      | 1041 ||| FLEEEEING.
  1173 | D:2      | Reached XP level 5. HP: 32/32 MP: 5/5
  1194 | D:2      | Noticed Natasha
  1265 | D:2      | Killed Natasha
  1450 | D:2      | Noticed Natasha
  1465 | D:2      | HP: 6/32 [Natasha (3)]
  1465 | D:2      | HP: 2/32 [cerulean imp/+2 spear[Natasha] (4)]
  1466 | D:2      | 1466 ||| DRINKING 3 potions of heal wounds.
  1467 | D:2      | Killed Natasha
  1468 | D:2      | Reached skill level 6 in Ranged Weapons
  1471 | D:2      | 1471 ||| FLEEEEING.
  1752 | D:2      | Noticed Natasha
  1755 | D:2      | Killed Natasha
  1756 | D:2      | Reached skill level 1 in Armour
  1756 | D:2      | 1756 ||| FLEEEEING.
  1845 | D:2      | 1845 ||| UPGRADING to +0 ring mail.
  1855 | D:2      | 1855 ||| DROPPING +0 leather armour.
  1856 | D:2      | 1856 ||| READING 3 scrolls of identify.
  1856 | D:2      | 1856 ||| IDENTIFYING inky potion
  1857 | D:2      | 1857 ||| READING 2 scrolls of identify.
  1857 | D:2      | 1857 ||| IDENTIFYING fuming dark potion
  1858 | D:2      | 1858 ||| READING scroll of identify.
  1858 | D:2      | 1858 ||| IDENTIFYING scroll labelled KENEXEATON
  1859 | D:2      | 1859 ||| READING scroll labelled VUCRUZX XEPPI.
  1859 | D:2      | 1859 ||| ENCHANTING +0 helmet.
  1860 | D:2      | 1860 ||| READING scroll labelled BEKUTHRU YLARIR.
  1861 | D:2      | 1861 ||| DROPPING scroll of silence.
  1862 | D:2      | 1862 ||| DROPPING potion of lignification.
  1961 | D:3      | 1961 ||| RETREEEEATING.
  1962 | D:3      | 1962 ||| RETREEEEATING.
  1963 | D:3      | 1963 ||| RETREEEEATING.
  1964 | D:3      | 1964 ||| RETREEEEATING.
  1977 | D:3      | Reached XP level 6. HP: 11/38 MP: 6/6
  1979 | D:3      | HP: 9/38 [sleepcap (3)]
  1980 | D:3      | 1980 ||| DRINKING 2 potions of heal wounds.
  2153 | D:3      | Noticed Grinder
  2158 | D:3      | Paralysed by Grinder for 3 turns
  2163 | D:3      | 2163 ||| FLEEEEING.
  2169 | D:3      | HP: 9/38 [Grinder (1)]
  2170 | D:3      | 2170 ||| DRINKING potion of heal wounds.
  2172 | D:3      | Killed Grinder
  2173 | D:3      | Reached skill level 7 in Ranged Weapons
  2173 | D:3      | Reached XP level 7. HP: 43/43 MP: 7/7
  2295 | D:3      | Noticed Jessica
  2297 | D:3      | Killed Jessica
  2330 | D:3      | Found a runed translucent door.
  2347 | D:3      | Found a shadowy altar of Dithmenos.
  2348 | D:3      | 2348 ||| DROPPING +1 hat.
  2349 | D:3      | 2349 ||| READING 2 scrolls labelled ASHAUR DYCZOKK.
  2350 | D:3      | 2350 ||| READING scroll labelled FOFFECAVUATO.
  2355 | D:3      | 2355 ||| DROPPING scroll of noise.
  2369 | D:3      | Noticed qw's ghost (weakling GrHu)
  2544 | D:4      | 2544 ||| ZAPPING wand of flame (18) at -1,-1 (black bear;
                  | floor).
  2545 | D:4      | 2545 ||| ZAPPING wand of flame (17) at -1,-1 (black bear;
                  | floor).
  2546 | D:4      | 2546 ||| ZAPPING wand of flame (16) at -1,-1 (black bear;
                  | floor).
  2547 | D:4      | Reached skill level 8 in Ranged Weapons
  2771 | D:4      | 2771 ||| FLEEEEING.
  2912 | D:4      | 2912 ||| READING scroll of enchant weapon.
  2912 | D:4      | 2912 ||| ENCHANTING +1 shortbow.
  2983 | D:4      | 2983 ||| RETREEEEATING.
  2984 | D:4      | 2984 ||| RETREEEEATING.
  2986 | D:4      | 2986 ||| RETREEEEATING.
  2987 | D:4      | 2987 ||| RETREEEEATING.
  2994 | D:4      | Reached XP level 8. HP: 35/49 MP: 8/8
  2997 | D:4      | HP: 12/49 [wight/+3 trident (1)]
  3001 | D:4      | HP: 3/49 [wight/+3 trident (4)]
  3002 | D:4      | Slain by a wight

Levels and vault maps discovered:
D:1:      lightli_arrival_flooded_house, layout_loops_corners, hex_tiny
D:2:      layout_basic, minmay_pentomino_o2, uniq_natasha
D:3:      layout_rooms, amcnicky_altar_gilded, ebering_ghost_reflecting_pool,
          hellmonk_no_cap, uniq_jessica, uniq_grinder
D:4:      layout_cave_pools, serial_park_tiny_2

Skill      XL: |  1  2  3  4  5  6  7 |
---------------+----------------------+-----
Ranged Weapons | 5 6 7 8 |  8.2
Fighting       | 3 4 5 |  5.0
Armour         | 1 2 |  2.8
Dodging        | 2 |  2.2
Stealth        | |  1.1

Action                     |  1- 3 |  4- 6 |  7- 9 || total
---------------------------+-------+-------+-------++-------
   Fire: Shortbow          |    87 |   155 |   109 ||   351
  Evoke: Wand              |       |       |     3 ||     3
    Use: Scroll            |     2 |     5 |     3 ||    10
         Potion            |       |     3 |       ||     3
 Armour: Leather armour    |    17 |    44 |       ||    61
         Ring mail         |       |    31 |    47 ||    78
  Dodge: Dodged            |    20 |    53 |    34 ||   107

Table legend:
 A = Non-vault XP
 B = Vault XP
 C = Vault XP percentage of total XP
 D = Non-vault monster count
 E = Vault monster count
 F = Vault count percentage of total count
                 A         B        C        D         E       F
            +---------+---------+-------+---------+---------+-------
      Total |     842 |     455 |  35.1 |      85 |       8 |   8.6
            +---------+---------+-------+---------+---------+-------
        D:1 |      46 |       0 |   0.0 |      24 |       0 |   0.0
        D:2 |     207 |      37 |  15.2 |      30 |       3 |   9.1
        D:3 |      36 |     418 |  92.1 |      11 |       5 |  31.2
        D:4 |     553 |       0 |   0.0 |      20 |       0 |   0.0
            +---------+---------+-------+---------+---------+-------
